 Dungeon Crawl Stone Soup version 0.18.1-50-g88ac8fd (webtiles) character file.

148 Firecrotchwizard the Archer (level 5, -3/41 HPs)
             Began as a Centaur Hunter on Oct 26, 2016.
             Slain by Sigmund
             ... wielding a +2 scythe of freezing
              (4 damage)
             ... on level 3 of the Dungeon.
             The game lasted 00:07:56 (2124 turns).

Firecrotchwizard the Archer (Centaur Hunter)        Turns: 2124, Time: 00:07:57

Health: -3/41      AC:  4    Str: 16    XL:     5   Next: 8%
Magic:  5/5        EV:  9    Int: 10    God:
Gold:   56         SH:  0    Dex: 11    Spells: 0 memorised, 4 levels left

rFire  . . .     SeeInvis .     a - +1 shortbow
rCold  . . .     Gourm    .     c - +0 leather armour
rNeg   . . .     Faith    .     (shield currently unavailable)
rPois  .         Spirit   .     (no helmet)
rElec  .         Dismiss  .     (no cloak)
rCorr  .         Reflect  .     (no gloves)
SustAt .         Harm     .     (no barding)
MR     .....                    (no amulet)
Stlth  +.........               (no ring)
                                t - +2 ring of strength (curse)

@: very quick, not resistant to hostile enchantments, very unstealthy
A: hooves 3, deformed body, speed 2, tough skin 3
a: no special abilities


You were on level 3 of the Dungeon.
You were not hungry.

You visited 1 branch of the dungeon, and saw 3 of its levels.

You collected 56 gold pieces.

Inventory:

Hand Weapons
 a - a +1 shortbow (weapon)
 b - a +0 short sword
 n - a cursed -2 hand axe
Armour
 c - a +0 leather armour (worn)
Jewellery
 t - a cursed +2 ring of strength (left hand)
Wands
 k - a wand of polymorph (10/24)
Scrolls
 j - a scroll of random uselessness {unknown}
 l - 2 scrolls of identify
 m - a scroll of magic mapping {unknown}
 q - a scroll of remove curse {unknown}
 r - a scroll of teleportation {unknown}
 s - a scroll of enchant weapon {unknown}
Potions
 e - 2 potions of agility {unknown}
 h - a potion of curing {unknown}
 i - 2 potions of heal wounds
 o - a potion of mutation {unknown}
 p - a potion of degeneration {unknown}
Comestibles
 f - 4 bread rations
 g - a fruit
 u - a meat ration
 v - a slice of pizza


   Skills:
 - Level 2.0 Fighting
 + Level 8.3 Bows
 - Level 1.5 Dodging
 - Level 0.5 Stealth


You had 4 spell levels left.
You didn't know any spells.

Dungeon Overview and Level Annotations

Branches:
Dungeon (3/15)

Altars:
Ashenzari
Yredelemnul
Zin

Annotations:
D:3 Sigmund


Innate Abilities, Weirdness & Mutations

You have hooves in place of feet.
Armour fits poorly on your strangely shaped body.
You cover ground very quickly.
You have extremely tough skin (AC +3).


Message History

Firing (i - inventory):
d - 2 arrows (quivered)
Press: ? - help, Shift-Dir - straight line, f/p - Sigmund
Aim: Sigmund, wielding a scythe of freezing and wearing a robe (almost dead)
You shoot an arrow. The arrow barely misses the bat.
The arrow hits Sigmund but does no damage.
Sigmund is almost dead.
The bat closely misses you.
Sigmund hits you from afar with a scythe of freezing.
Sigmund freezes you.
Firing (i - inventory):
d - an arrow (quivered)
Press: ? - help, Shift-Dir - straight line, f/p - Sigmund
Aim: Sigmund, wielding a scythe of freezing and wearing a robe (almost dead)
You shoot an arrow. The arrow hits the bat!
You kill the bat!
You feel sick.
You are no longer poisoned.
Sigmund hits you from afar with a scythe of freezing!
* * * LOW HITPOINT WARNING * * *
Sigmund freezes you.
You die...

#.>.......####>(###...##.
#....?.((.##...((.(...(
......(...((...(.......
.....(................#
.....(.....#..........#
..........)....(......#
..............(@......#
.............(......#
.......(.....@(######
..............#
.....o..## .##....##
#..... ...###. #.. #. ..
.. ..


You could see Sigmund and an orc.

Vanquished Creatures
  Jessica (D:2)
  Natasha (twice) (D:3)
  2 adders
  2 worms (D:3)
  3 dart slugs (D:1)
  4 giant geckos
  A ball python (D:1)
  6 bats
  2 giant cockroaches
  2 hobgoblins (D:1)
  A quokka (D:2)
  A giant newt (D:1)
  9 goblins
  4 kobolds
  2 rats (D:1)
42 creatures vanquished.

Notes
Turn   | Place    | Note
--------------------------------------------------------------
     0 | D:1      | Firecrotchwizard the Centaur Hunter began the quest for the Orb.
     0 | D:1      | Reached XP level 1. HP: 17/17 MP: 1/1
   215 | D:1      | Reached XP level 2. HP: 24/24 MP: 2/2
   399 | D:1      | Reached skill level 6 in Bows
   662 | D:1      | You fall through a shaft!
   812 | D:1      | Reached XP level 3. HP: 29/29 MP: 3/3
  1111 | D:2      | Found a glowing silver altar of Zin.
  1167 | D:2      | Found a shattered altar of Ashenzari.
  1365 | D:2      | Found a basalt altar of Yredelemnul.
  1424 | D:2      | Reached skill level 7 in Bows
  1473 | D:2      | Noticed Jessica
  1476 | D:2      | Killed Jessica
  1476 | D:2      | Reached XP level 4. HP: 36/36 MP: 4/4
  1981 | D:3      | Noticed Sigmund
  2070 | D:3      | Noticed Natasha
  2072 | D:3      | Killed Natasha
  2090 | D:3      | Noticed Natasha
  2094 | D:3      | Reached skill level 8 in Bows
  2114 | D:3      | Killed Natasha
  2114 | D:3      | Reached XP level 5. HP: 22/41 MP: 5/5
  2124 | D:3      | HP: 1/41 [Sigmund/scythe of freezing (12)]
  2124 | D:3      | Slain by Sigmund

Skill      XL: |  1  2  3  4 |
---------------+-------------+-----
Bows           | 6 7 8 |  8.3
Fighting       | |  2.0
Dodging        | |  1.5
Stealth        | |  0.5

Action                   |  1- 3 |  4- 6 || total
-------------------------+-------+-------++-------
 Fire: Shortbow          |   103 |    53 ||   156
  Use: Scroll            |       |     1 ||     1
       Potion            |       |     1 ||     1
  Eat: Fruit             |       |     2 ||     2
Armor: Leather armour    |    10 |    10 ||    20
Dodge: Dodged            |     9 |     7 ||    16
